 Dungeon Crawl Stone Soup version 0.29.1-15-g9cfb28693d (webtiles) character file.

Game seed: 4028522505641265097

282 SomaWolf the Poker (level 6, 0/53 HPs)
             Began as a Draconian Berserker on Mar 3, 2023.
             Was a Believer of Trog.
             Frozen to death by an endoplasm (4 damage)
             ... on level 4 of the Dungeon.
             The game lasted 00:19:04 (3012 turns).

SomaWolf the Poker (Draconian Berserker)            Turns: 3012, Time: 00:19:05

Health: 0/53       AC:  9    Str: 21    XL:     6   Next: 6%
Magic:  15/15      EV: 13    Int:  7    God:    Trog [**....]
Gold:   171        SH:  0    Dex: 14    Spells: 5/5 levels left

rFire   . . .      SeeInvis .   a - +0 spear (flame)
rCold   . . .      Faith    .   (no shield)
rNeg    . . .      Spirit   .   (body armour unavailable)
rPois   .          Reflect  .   (helmet restricted)
rElec   .          Harm     .   (no cloak)
rCorr   +          Rampage  .   h - +0 pair of gloves
Will    .....                   q - +1 pair of boots
Stlth   ++........              (no amulet)
HPRegen 0.17/turn               r - ring of Hoz Rionnu {rCorr Dex+3}
MPRegen 0.14/turn               z - ring of magical power

@: slowed, very slow
A: AC +6, unfitting armour, cold-blooded
a: Renounce Religion, Berserk, Trog's Hand


You were on level 4 of the Dungeon.
You worshipped Trog.
Trog was pleased with you.
You visited 1 branch of the dungeon, and saw 4 of its levels.

You collected 171 gold pieces.

Inventory:

Hand Weapons
 a - a +0 spear of flaming (weapon)
 y - a +0 sling
Missiles
 d - 11 poisoned darts (quivered)
 m - 32 stones
 E - a curare-tipped dart
Armour
 h - a +0 pair of gloves (worn)
 q - a +1 pair of boots (worn)
Magical Staves
 s - a staff of conjuration
Jewellery
 r - the ring of Hoz Rionnu (left hand) {rCorr Dex+3}
   (You acquired it on level 3 of the Dungeon)

   [ring of resist corrosion]

   Dex:       It affects your dexterity (+3).
   rCorr:     It protects you from acid and corrosion.
 z - a ring of magical power (right hand)
Scrolls
 f - a scroll of teleportation
Potions
 t - 4 potions of flight
 x - 2 potions of brilliance


   Skills:
 + Level 4.4 Fighting
 + Level 5.1 Polearms
 + Level 0.3 Throwing
 + Level 3.8 Dodging
 + Level 1.4 Stealth


You had 5 spell levels left.
You didn't know any spells.
Your spell library contained the following spells:

 Spells                   Type           Power      Damage    Failure   Level
 Slow                     Hex            0%         N/A       43%         1
 Confusing Touch          Hex            0%         N/A       80%         3
 Vampiric Draining        Necr           0%         2d6       80%         3


Dungeon Overview and Level Annotations

Branches:
Dungeon (4/15)
 Temple: D:4-7

Altars:
Fedhas

Shops:
D:2 [


Innate Abilities, Weirdness & Mutations

Your plain brown scales are hard. (AC +6)
You cannot fit into any form of body armour.
You are cold-blooded and may be slowed by cold attacks.


Message History

The endoplasm hits you but does no damage.
The endoplasm freezes you.
You are frozen.
You hit the endoplasm. You burn the endoplasm.
You kill the endoplasm!
Trog accepts your kill. The endoplasm closely misses you.
The endoplasm hits you but does no damage.
You puncture the endoplasm! You burn the endoplasm.
You kill the endoplasm!
Trog accepts your kill. The endoplasm misses you. x2
Unknown command.
You barely miss the endoplasm. The endoplasm hits you.
The endoplasm freezes you.
You are frozen.
You feel yourself slow down. The endoplasm freezes you.
You are frozen.
You puncture the endoplasm! You burn the endoplasm.
You kill the endoplasm!
Trog accepts your kill.
You feel yourself speed up. The endoplasm freezes you.
You are frozen.
You feel yourself slow down.
The endoplasm hits you but does no damage.
You completely miss the endoplasm.
You feel yourself speed up. The endoplasm freezes you.
You are frozen.
* * * LOW HITPOINT WARNING * * *
You feel yourself slow down. The endoplasm freezes you.
You are frozen.
* * * LOW HITPOINT WARNING * * *
The endoplasm hits you.
* * * LOW HITPOINT WARNING * * *
You hit the endoplasm but do no damage. The endoplasm freezes you.
You are frozen.
You die...

##########
#.....÷÷./
#.........
#÷.......÷
#.....P.P.
#.JJ..P.P÷
#JJJJ÷÷...
#@#######
##..)...##
########.#
#....'..##
#....####
#.......#
#.......#
#.......#
#..)....#


You could see 6 endoplasms.

Vanquished Creatures
  A sky beast (D:4)
  3 jellies (D:4)
  4 adders
  A worm (D:3)
  4 dart slugs
  3 orcs (D:3)
  4 endoplasms
  2 giant cockroaches
  6 goblins
  6 hobgoblins
  3 ball pythons
  4 bats
  A frilled lizard (D:1)
  11 kobolds
  6 rats
59 creatures vanquished.

Vanquished Creatures (others)
  9 fungi (D:4)
  3 plants
  8 toadstools (D:4)
20 creatures vanquished.

Grand Total: 79 creatures vanquished

Notes
Turn   | Place    | Note
-------+----------+-------------------------------------------
     0 | D:1      | SomaWolf the Draconian Berserker began the quest for the
                  | Orb.
     0 | D:1      | Reached XP level 1. HP: 19/19 MP: 1/1
   107 | D:1      | Reached XP level 2. HP: 4/26 MP: 2/2
   935 | D:2      | Reached XP level 3. HP: 25/33 MP: 3/3
  1218 | D:2      | Found Wemm's Antique Armour Shoppe.
  1361 | D:2      | You fall into a shaft and drop 1 floor!
  1414 | D:3      | Reached ** piety under Trog
  1478 | D:3      | Identified a scroll of acquirement
  1478 | D:3      | Acquired the ring of Hoz Rionnu {rCorr Dex+3}
  1742 | D:3      | Reached XP level 4. HP: 39/40 MP: 4/4
  2092 | D:3      | Noticed a water moccasin
  2666 | D:4      | Found a blossoming altar of Fedhas.
  2710 | D:4      | Reached skill level 4 in Polearms
  2713 | D:4      | Reached XP level 5. HP: 36/46 MP: 5/5
  2923 | D:4      | Noticed a sky beast
  2939 | D:4      | Killed a sky beast
  2940 | D:4      | Reached skill level 1 in Stealth
  2945 | D:4      | Reached skill level 5 in Polearms
  3006 | D:4      | Reached XP level 6. HP: 28/53 MP: 6/6
  3012 | D:4      | Frozen to death by an endoplasm

Illustrated notes

Levels and vault maps discovered:
D:1:      minmay_arrival_nine_rooms, layout_rooms,
          chequers_ecumenical_altar_island
D:2:      layout_loops_corners, serial_shops, nicolae_shop_hallway_plus
D:3:      layout_loops_ring, serial_bayou_pond_d, dk_noncrumbling_4,
          lightli_corner_chamber
D:4:      cheibrodos_fertilizer, layout_loops_ring, fedhas_altar_3

Skill      XL: |  1  2  3  4  5 |
---------------+----------------+-----
Dodging        | 3 |  3.8
Fighting       | 4 |  4.4
Polearms       | 4 5 |  5.1
Stealth        | 1 |  1.4
Throwing       | |  0.3

Action                   |  1- 3 |  4- 6 || total
-------------------------+-------+-------++-------
Melee: Spear             |   104 |    74 ||   178
       Tailslap          |     8 |     8 ||    16
       Punch             |     1 |     1 ||     2
Throw: Stone             |     9 |       ||     9
       Dart              |       |     4 ||     4
  Use: Potion            |     2 |       ||     2
       Scroll            |     6 |     4 ||    10
Armor: Skin              |    37 |    32 ||    69
Dodge: Dodged            |    65 |    50 ||   115
